General information
- name: forum
- type: Custom game
- host: towerpowernerf
- saver: Zith)
map: SecretValley
- players: 2
- length: 05:55
- speed: Fast
- version: 1.24 W3XP
- replay type: Public
» download(30 KB)
Players
team 1 (winner)
towerpowernerf (
green | 292 APM | 1729 actions | 05:55)
2 Death Knight
1 Death Coil
1 Unholy Aura
» actions
| Assign group hotkey | 252 | |
| Basic commands | 33 | |
| Build / train | 23 | |
| Enter build submenu | 14 | |
| Enter hero's abilities submenu | 3 | |
| Remove unit from queue | 1 | |
| Right click | 600 | |
| Select / deselect | 70 | |
| Select group hotkey | 716 | |
| Use ability | 17 | |
1729 total
» units
» buildings
| Crypt | 2 | |
| Altar of Darkness | 1 | |
| Ziggurat | 3 | |
| Tomb of Relics | 1 | |
| Halls of the Dead | 2 | |
| Graveyard | 1 | |
10 total
» build order
00:04 Crypt
00:08 Altar of Darkness
00:10 Crypt
00:37 Ziggurat
00:59 Tomb of Relics
01:23 Ziggurat
04:29 Halls of the Dead
04:30 Graveyard
05:21 Ziggurat
» items
| Rod of Necromancy | 1 | |
| Dust of Appearance | 1 | |
2 total
team 2 (loser)
Zith) (
blue | 163 APM | 966 actions | 05:55)
2 Demon Hunter
1 Mana Burn
1 Evasion
» actions
| Assign group hotkey | 11 | |
| Basic commands | 2 | |
| Build / train | 21 | |
| Enter build submenu | 7 | |
| Enter hero's abilities submenu | 3 | |
| Right click | 527 | |
| Select / deselect | 140 | |
| Select group hotkey | 237 | |
| Use ability | 18 | |
966 total
» units
» buildings
| Altar of Elders | 1 | |
| Moon Well | 3 | |
| Ancient of War | 1 | |
| Tree of Ages | 1 | |
| Hunter's Hall | 1 | |
7 total
» build order
00:05 Altar of Elders
00:16 Moon Well
00:26 Ancient of War
01:42 Moon Well
02:09 Moon Well
03:13 Tree of Ages
04:35 Hunter's Hall
» items
Chat log
(04:57 / All) Zith): yeah right
(05:45 / All) Zith): how was that first one a surround
(05:48 / All) towerpowernerf: lol
(05:49 / All) Zith): i call the referee
(05:49 / All) towerpowernerf: i dunno
(05:53 / All) towerpowernerf: haha
(05:54 / All) Zith): gg